Description

Vibe Copy game vs Terran

Build Order

Get SALT Encoding   

  13  0:12  Overlord  PULL DRONES
  16  0:53  Hatchery  ZERGLINGS
  18  1:17  Spawning Pool  
  20  1:36  Extractor  
  20  1:54  Overlord  
  26  2:15  Queen x2  
  30  2:40  Overlord  
  35  2:56  Lair  
  37  3:07  Hatchery  
  45  3:38  Roach Warren  
  44  3:39  Evolution Chamber  
  51  4:12  Zerg Missile Weapons Level 1  
  50  4:16  Evolution Chamber  
  56  4:28  Roach x8  
  72  4:50  Overseer  
  85  5:05  Overseer  
  92  5:50  Hatchery  
  92  5:56  Hydralisk Den  
  96  6:10  Spore Crawler x3  
  104  7:00  Changeling  
Spawning Tool Build Advisor. Get it on Overwolf

Go to:

Details

  • Created by: thenatsalisbury
  • Published on: Jul 29, 2020
  • Modified on: Jul 29, 2020
  • Patch: 4.11.0
  • Difficulty: Easy
Show
View Real Time Build Order
Export as new Build Order

Comments (1)

On Aug. 19, 2020, 4:37 p.m., Leckatall  said:

Why have you written pull drones.
Also what is the point of using a build for a low league?
It's not like most pro-level builds don't also work in plat.
And why is the hatch 5 seconds late?

Create an account to comment!